 Dungeon Crawl Stone Soup version 0.20.0-15-g7f486f2 (webtiles) character file.

132 Zhenya24pyc the Cudgeler (level 5, 0/32 HPs)
             Began as a Gargoyle Fighter on June 9, 2017.
             Killed by nerve-wracking pain
             ... invoked by Jessica
              (5 damage)
             ... on level 3 of the Dungeon.
             The game lasted 00:04:44 (2166 turns).

Zhenya24pyc the Cudgeler (Gargoyle Fighter)         Turns: 2166, Time: 00:04:48

Health: 0/32       AC: 14    Str: 20    XL:     5   Next: 15%
Magic:  5/5        EV:  7    Int:  9    God:
Gold:   225        SH:  9    Dex:  9    Spells: 4/4 levels left

rFire    . . .     SeeInvis .   a - +0 flail
rCold    + . .     Gourm    .   c - +0 shield
rNeg     + . .     Faith    .   b - +0 scale mail
rPois    ∞         Spirit   .   q - +2 helmet
rElec    +         Reflect  .   (no cloak)
rCorr    .         Harm     .   (no gloves)
MR       .....                  (no boots)
Stlth    ..........             (no amulet)
Regen    0.1/turn               r - ring of protection from cold
MPRegen  0.1/turn               s - ring of poison resistance

@: no status effects
A: negative energy resistance 1, electricity resistance, unbreathing,
petrification resistance, rot immunity, AC +4
a: no special abilities


You were on level 3 of the Dungeon.
You were near starving.

You visited 1 branch of the dungeon, and saw 3 of its levels.

You collected 225 gold pieces.

Inventory:

Hand Weapons
 a - a +0 flail (weapon)
Armour
 b - a +0 scale mail (worn)
 c - a +0 shield (worn)
 q - a +2 helmet (worn)
Jewellery
 r - a ring of protection from cold (left hand)
 s - a ring of poison resistance (right hand)
Scrolls
 e - a scroll of identify {unknown}
 g - 2 scrolls of immolation {unknown}
 h - a scroll of amnesia {unknown}
 k - 2 scrolls of fog {unknown}
 l - a scroll of enchant weapon {unknown}
 m - 5 scrolls of teleportation {unknown}
Potions
 d - 2 potions of might
 i - a potion of heal wounds {unknown}
 j - a potion of lignification {unknown}
 o - a potion of haste {unknown}
Comestibles
 f - 3 bread rations
 n - 2 fruits
 p - a meat ration


   Skills:
 - Level 3.2 Fighting
 * Level 5.2 Maces & Flails
 - Level 3.2 Armour
 - Level 3.2 Shields


You had 4 spell levels left.
You didn't know any spells.

Dungeon Overview and Level Annotations

Branches:
Dungeon (3/15)

Altars:
Fedhas
Gozag

Annotations:
D:2 Grinder
D:3 Jessica


Innate Abilities, Weirdness & Mutations

You are resistant to torment.
Your stone body is resilient. (AC +4)
You are immune to poison.
You resist negative energy. (rN+)
You are resistant to electric shocks. (rElec)
You can survive without breathing.
You are immune to petrification.
You are immune to rotting.


Message History

You closely miss the orc.
The orc is almost dead.
The orc hits you with a whip.
* * * LOW HITPOINT WARNING * * *
You thump the orc!
You kill the orc!
Grinder closely misses you.
Things that are here:
a whip; a lumpy golden potion
There is a stone staircase leading down here.
Your shield prevents you from hitting Grinder.
Grinder is lightly wounded.
Grinder blinks!
Grinder gestures at you.
You barely resist.
You climb downwards.
Level annotation: Jessica Jessica casts a spell at you.
Pain shoots through your body!
You die...

... ##.. .... ##..##### .....
##..##...## #..... ...#?...!#
.. #.....###..#!....# ...
.._.....#..#?...?#
#(.##.........[##.§.# ...
.#...........@...##'##...#
.......##........@.......#
........#.###..##........#
........#............#..###.
...........................
.........#####.......#...##
.#....##..#####..#.......###
#.#.####......#...........###
# #............#............#


You could see Jessica.

Vanquished Creatures
  Terence (D:2)
  Robin (D:2)
  2 adders (D:2)
  An ooze (D:1)
  2 dart slugs
  2 leopard geckos
  3 orcs
  13 goblins
  9 hobgoblins
  3 jackals (D:1)
  5 kobolds
  A quokka (D:2)
  11 bats
  4 frilled lizards
  3 rats
61 creatures vanquished.

Notes
Turn   | Place    | Note
-------+----------+-------------------------------------------
     0 | D:1      | Zhenya24pyc the Gargoyle Fighter began the quest for the Orb.
     0 | D:1      | Reached XP level 1. HP: 14/14 MP: 1/1
   142 | D:1      | Reached XP level 2. HP: 16/19 MP: 2/2
   192 | D:1      | Reached skill level 3 in Maces & Flails
   602 | D:1      | Reached XP level 3. HP: 23/23 MP: 3/3
  1014 | D:2      | Found an opulent altar of Gozag.
  1177 | D:2      | Noticed Terence
  1185 | D:2      | Killed Terence
  1185 | D:2      | Reached skill level 4 in Maces & Flails
  1185 | D:2      | Reached XP level 4. HP: 23/28 MP: 4/4
  1405 | D:3      | Noticed Robin
  1418 | D:3      | Noticed Grinder
  1430 | D:2      | Killed Robin
  1520 | D:2      | Reached skill level 5 in Maces & Flails
  1522 | D:2      | Reached XP level 5. HP: 13/32 MP: 5/5
  1828 | D:3      | Found a blossoming altar of Fedhas.
  1843 | D:3      | Paralysed by Grinder for 5 turns
  2124 | D:3      | Noticed Jessica
  2140 | D:3      | Paralysed by Grinder for 2 turns
  2166 | D:3      | Killed from afar by Jessica

Skill      XL: |  1  2  3  4 |
---------------+-------------+-----
Maces & Flails | 3 4 5 |  5.2
Fighting       | |  3.2
Armour         | |  3.2
Shields        | |  3.2

Action                   |  1- 3 |  4- 6 || total
-------------------------+-------+-------++-------
Melee: Flail             |   147 |   137 ||   284
  Eat: Chunk             |     1 |     2 ||     3
Armor: Scale mail        |   103 |   109 ||   212
Dodge: Dodged            |    67 |    76 ||   143
Block: Shield            |   101 |   101 ||   202
